[Event "Titled Tuesday Blitz July 25 Late 2023"]
[White "Papayan, Oleg"]
[Black "brm72"]
[WhiteFideId "4193911"]
[WhiteElo "2481"]
[BlackElo "2645"]
[Result "1/2-1/2"]
[Round "8"]
[TimeControl "180+2"]
[Date "2023.07.25"]
[WhiteClock "0:00:09"]
[BlackClock "0:00:09"]
[Board "72"]

1. e4 c6 2. Nc3 d5 3. Nf3 dxe4 4. Nxe4 Nf6 5. Qe2 Nxe4 6. Qxe4 Nd7 7. Bc4 Nf6 8. Ne5 e6 9. Qe2 b5 10. Bb3 Qc7 11. d4 Bd6 12. a4 O-O 13. axb5 cxb5 14. Qxb5 a5 15. Qe2 a4 16. Bc4 Qb6 17. c3 Bb7 18. O-O h6 19. Bd3 Qc7 20. Bf4 a3 21. Bg3 Rfb8 22. Nc4 Bxg3 23. fxg3 axb2 24. Qxb2 Ba6 25. Qe2 Bxc4 26. Bxc4 Rc8 27. Rxa8 Rxa8 28. Rc1 Ra3 29. Qb2 Qa5 30. Bd3 g6 31. Qb8+ Kg7 32. Qe5 Qxe5 33. dxe5 Nd7 34. Be2 Nxe5 35. c4 Kf8 36. c5 Ra2 37. Kf1 Ke7 38. c6 Kd8 39. c7+ Kc8 40. Bb5 Ra7 41. Be8 Rxc7 42. Re1 Nc4 43. Bb5 Nd6 44. Bd3 Kd8 45. Be2 Ke7 46. Bf3 Rc2 47. h3 Kf6 48. g4 g5 49. Re2 Rc1+ 50. Kf2 Rc5 51. Rd2 Nc4 52. Rc2 Ke5 53. Be2 Kd4 54. Rc1 Ne5 55. Rd1+ Ke4 56. g3 Rc2 57. Ra1 Nd3+ 58. Kf1 Ke3 59. Bxd3 Kxd3 60. Ra7 f5 61. Ra6 Ke3 62. Rxe6+ Kf3 63. gxf5 Kxg3 64. f6 Kxh3 65. f7 Rc8 66. Re8 Rc4 67. f8=Q Rg4 68. Kf2 h5 69. Qf3+ Kh4 70. Qf5 Rf4+ 71. Qxf4+ gxf4 72. Kf3 Kh3 73. Rh8 h4 74. Rh5 Kh2 75. Rxh4+ Kg1 76. Rxf4 Kh2 77. Rg4 Kh1 78. Rg2 1/2-1/2


[Site "https://www.chess.com"]

[Event "Titled Tuesday Blitz July 25 Late 2023"]
[White "Aggelis, Nikolaos"]
[Black "Yeritsyan, Hayk"]
[WhiteFideId "4213220"]
[BlackFideId "13307320"]
[WhiteElo "2603"]
[BlackElo "2475"]
[Result "0-1"]
[Round "8"]
[TimeControl "180+2"]
[Date "2023.07.25"]
[WhiteClock "0:01:01"]
[BlackClock "0:00:18"]
[Board "73"]

1. c4 c6 2. Nc3 d5 3. cxd5 cxd5 4. d4 Nc6 5. Nf3 Nf6 6. Bf4 Bf5 7. e3 e6 8. Bb5 Bb4 9. Ne5 O-O 10. O-O Nxe5 11. Bxe5 a6 12. Bd3 Bxd3 13. Qxd3 Bxc3 14. Qxc3 Ne4 15. Qd3 Qd7 16. f3 Nd6 17. Bxd6 Qxd6 18. Rfc1 Qb6 19. Rc2 Rac8 20. Rac1 Rxc2 21. Rxc2 Qa5 22. Kf2 Qxa2 23. Qa3 Qxa3 24. bxa3 g6 25. a4 b5 26. a5 Rb8 27. Rc6 b4 28. Rxa6 b3 29. Rb6 Rxb6 30. axb6 b2 0-1


[Site "https://www.chess.com"]

[Event "Titled Tuesday Blitz July 25 Late 2023"]
[White "Perske, Thore"]
[Black "Trifan, Andrei Ioan"]
[WhiteFideId "12902195"]
[BlackFideId "12967068"]
[WhiteElo "2468"]
[BlackElo "2576"]
[Result "0-1"]
[Round "8"]
[TimeControl "180+2"]
[Date "2023.07.25"]
[WhiteClock "0:00:06"]
[BlackClock "0:00:41"]
[Board "74"]

1. d4 Nf6 2. g3 g6 3. Bg2 Bg7 4. e4 d6 5. Ne2 O-O 6. Nbc3 Nbd7 7. h3 c6 8. a4 e5 9. O-O exd4 10. Nxd4 Re8 11. Re1 a5 12. Bg5 Qb6 13. Nb3 Qc7 14. Qd2 Ne5 15. Qe2 Be6 16. Nd4 Bc4 17. Qd2 Ned7 18. b3 Ba6 19. Rad1 Nc5 20. Ndb5 cxb5 21. axb5 Nfxe4 22. Nxe4 Nxe4 23. Bxe4 Bc3 24. bxa6 Bxd2 25. axb7 Bxe1 26. bxa8=Q Rxa8 27. Bxa8 Bxf2+ 28. Kxf2 Qa7+ 29. Be3 Qxa8 30. Rxd6 Qc8 31. Rd2 Qxh3 32. Bd4 f6 33. Bc3 Qf5+ 34. Kg2 h5 35. Rf2 Qd5+ 36. Kg1 f5 37. Bd2 Qe4 38. Bg5 Qg4 39. Bf4 h4 40. Kh2 g5 41. Bd6 f4 42. gxf4 Qg3+ 43. Kh1 Qxf2 44. fxg5 0-1


[Site "https://www.chess.com"]

[Event "Titled Tuesday Blitz July 25 Late 2023"]
[White "Roberson, Peter T"]
[Black "Petesch, Gabriel"]
[WhiteFideId "412384"]
[BlackFideId "2032465"]
[WhiteElo "2491"]
[BlackElo "2575"]
[Result "1-0"]
[Round "8"]
[TimeControl "180+2"]
[Date "2023.07.25"]
[WhiteClock "0:00:09"]
[BlackClock "0:00:00"]
[Board "75"]

1. c4 e5 2. g3 Nc6 3. Bg2 h5 4. Nf3 e4 5. Nh4 Nf6 6. Nc3 Qe7 7. d3 exd3 8. Qxd3 Ne5 9. Qd4 Qc5 10. Qxc5 Bxc5 11. b3 Bb4 12. Bb2 d5 13. cxd5 g5 14. Nf3 Nxd5 15. Rc1 Nxf3+ 16. Bxf3 Be6 17. O-O Bxc3 18. Bxc3 Nxc3 19. Rxc3 c6 20. b4 a6 21. a4 g4 22. Bg2 Rh6 23. b5 axb5 24. axb5 Bd7 25. bxc6 bxc6 26. Rfc1 Ra2 27. R3c2 Rxc2 28. Rxc2 Rd6 29. Rc1 Kd8 30. Kf1 Kc7 31. e3 Rd2 32. Ke1 Ra2 33. Rd1 Be8 34. Rd2 Ra1+ 35. Rd1 Ra2 36. Rd2 Ra3 37. Rc2 Bd7 38. Kd2 Rb3 39. Bd5 Rb5 40. Bxf7 Rf5 41. Bg6 Rxf2+ 42. Kd3 Rf6 43. Bxh5 Rf5 44. Bg6 Rd5+ 45. Ke2 c5 46. e4 Bb5+ 47. Ke3 Rd3+ 48. Kf4 c4 49. Kxg4 Kd6 50. e5+ Kxe5 51. Bxd3 cxd3 52. Rc5+ Ke4 53. Rxb5 d2 54. Rb1 d1=Q+ 55. Rxd1 1-0


[Site "https://www.chess.com"]

[Event "Titled Tuesday Blitz July 25 Late 2023"]
[White "Vlassov, Nikolai"]
[Black "ExchangeAB"]
[WhiteFideId "4103360"]
[WhiteElo "2565"]
[BlackElo "2450"]
[Result "0-1"]
[Round "8"]
[TimeControl "180+2"]
[Date "2023.07.25"]
[WhiteClock "0:00:00"]
[BlackClock "0:00:31"]
[Board "76"]

1. e4 c6 2. d4 d5 3. e5 Bf5 4. Nc3 e6 5. g4 Bg6 6. Nge2 Ne7 7. Be3 h5 8. Nf4 hxg4 9. Nxg6 Nxg6 10. Qxg4 Qh4 11. Qg3 Qxg3 12. fxg3 Nd7 13. Bd3 Ne7 14. O-O g6 15. Ne2 Nf5 16. Bf2 c5 17. c3 a6 18. g4 Ne7 19. Bg3 Nc6 20. a3 Rc8 21. Rf3 Nb6 22. Raf1 Nd8 23. b4 cxd4 24. cxd4 Nc4 25. Bxc4 Rxc4 26. Kg2 Be7 27. Rc3 b5 28. Rxc4 bxc4 29. Rb1 Kd7 30. a4 Nc6 31. b5 axb5 32. axb5 Na5 33. Ra1 Bb4 34. h4 Kc7 35. Nf4 Kb6 36. h5 gxh5 37. gxh5 Kxb5 38. Bh4 Bd2 39. Ne2 Rxh5 40. Bd8 Nb3 41. Ra7 c3 42. Rxf7 c2 43. Re7 Rh6 44. Kf3 c1=Q 45. Nxc1 Bxc1 46. Rb7+ Kc4 47. Bb6 Nxd4+ 48. Kg4 Rg6+ 49. Kh5 Rg5+ 50. Kh4 Rxe5 51. Rc7+ Kb5 52. Bxd4 Re4+ 53. Kh3 Rxd4 54. Rxc1 Rf4 55. Kg3 Rf7 56. Rc8 e5 57. Kg2 e4 58. Rc7 Rxc7 0-1


[Site "https://www.chess.com"]

[Event "Titled Tuesday Blitz July 25 Late 2023"]
[White "Gireman, Ja"]
[Black "SilverCityIndigo"]
[WhiteFideId "5043794"]
[WhiteElo "2563"]
[BlackElo "2448"]
[Result "1-0"]
[Round "8"]
[TimeControl "180+2"]
[Date "2023.07.25"]
[WhiteClock "0:00:44"]
[BlackClock "0:00:00"]
[Board "77"]

1. e4 Na6 2. d4 c6 3. c4 e5 4. dxe5 Bb4+ 5. Bd2 Qa5 6. f4 Nc5 7. a3 Bxd2+ 8. Nxd2 Qd8 9. b4 Na6 10. Ngf3 d6 11. exd6 Qxd6 12. e5 Qg6 13. c5 Nc7 14. Nc4 Qe4+ 15. Be2 Qxf4 16. Nd6+ Kf8 17. O-O Qe3+ 18. Kh1 Be6 19. Nxb7 Nd5 20. Nd4 Qxe5 21. Nxc6 Qc7 22. Nd4 Re8 23. Nd6 Ngf6 24. Nxe8 Kxe8 25. Bb5+ Kf8 26. Nxe6+ fxe6 27. Qd4 h5 28. Rae1 Kf7 29. Bc4 Rd8 30. Qh4 Kg8 31. Rxe6 Kh7 32. Rf5 Qf7 33. Re1 Qg6 34. Rg5 Qc2 35. Rxh5+ Kg8 36. Rh8+ Kf7 37. Rxd8 Qd2 38. Rxd5 Nxd5 39. h3 Kf8 40. Bxd5 1-0


[Site "https://www.chess.com"]

[Event "Titled Tuesday Blitz July 25 Late 2023"]
[White "Olsson, William"]
[Black "Ambartsumova, Karina"]
[WhiteFideId "1741721"]
[BlackFideId "4166299"]
[WhiteElo "2446"]
[BlackElo "2555"]
[Result "0-1"]
[Round "8"]
[TimeControl "180+2"]
[Date "2023.07.25"]
[WhiteClock "0:00:00"]
[BlackClock "0:00:28"]
[Board "78"]

1. c4 d6 2. g3 g6 3. Bg2 Bg7 4. Nf3 Nf6 5. O-O O-O 6. Nc3 e5 7. b4 Nc6 8. Rb1 Be6 9. d3 Qd7 10. Ng5 Bf5 11. e4 Be6 12. Nxe6 fxe6 13. Be3 Nd4 14. Bxd4 exd4 15. Ne2 e5 16. h3 Rf7 17. f4 exf4 18. Nxf4 c6 19. b5 Raf8 20. bxc6 bxc6 21. Qa4 g5 22. Ne2 Nh5 23. Rxf7 Rxf7 24. Rb8+ Rf8 25. Rxf8+ Kxf8 26. Qd1 Be5 27. Kh2 Qf7 28. Qf1 Qxf1 29. Bxf1 Ke7 30. Kg2 Kd7 31. Kf3 Nf6 32. Nc1 Kc7 33. Nb3 Kb6 34. g4 Nd7 35. Be2 Nb8 36. Bd1 Na6 37. Ke2 Nb4 38. a3 Na2 39. Kd2 Nc3 0-1


[Site "https://www.chess.com"]

[Event "Titled Tuesday Blitz July 25 Late 2023"]
[White "Goncalves, Davi Sulzbacher"]
[Black "Graif, William"]
[WhiteFideId "2154510"]
[BlackFideId "2609835"]
[WhiteElo "2445"]
[BlackElo "2549"]
[Result "1-0"]
[Round "8"]
[TimeControl "180+2"]
[Date "2023.07.25"]
[WhiteClock "0:00:10"]
[BlackClock "0:00:04"]
[Board "79"]

1. d4 Nf6 2. Nf3 d5 3. Bg5 Ne4 4. Bh4 h5 5. e3 f6 6. Nbd2 g5 7. Nxe4 dxe4 8. Nxg5 fxg5 9. Bxg5 Qd5 10. Bf4 Nc6 11. Be2 Bg4 12. Bxg4 hxg4 13. Qxg4 Rg8 14. Qh3 e6 15. O-O O-O-O 16. b3 Bd6 17. c4 Qf5 18. Qxf5 exf5 19. Bxd6 cxd6 20. g3 d5 21. Rfc1 Kb8 22. a3 Na5 23. Rab1 Rg6 24. c5 Rc8 25. Rc3 b6 26. Rbc1 Rgc6 27. b4 Nc4 28. b5 R6c7 29. c6 a6 30. a4 Ra7 31. Rxc4 dxc4 32. d5 Kc7 33. Rxc4 axb5 34. axb5 Kd6 35. Rd4 Ra5 36. g4 Rxb5 37. gxf5 Rxd5 38. Rxe4 Rxf5 39. f4 Rxc6 40. Kf2 b5 41. Kf3 b4 42. Rxb4 Rh5 43. Kg3 Kc5 44. Re4 Rg6+ 45. Kf3 Rxh2 46. Re5+ Kd6 47. Ke4 Rh3 48. Rd5+ Ke6 49. Ra5 Rgg3 50. Ra6+ Kf7 51. Ra3 Kf6 52. Ra6+ Ke7 53. Ra3 Rg1 54. Ke5 Re1 55. Ra7+ Ke8 56. e4 Rhe3 57. Ra4 Kf7 58. f5 R3e2 59. Kd5 Rd2+ 60. Ke5 Rde2 61. Kf4 Rc1 62. Ra7+ Kf8 63. Ra8+ Kf7 64. Ra7+ Kf8 65. f6 Rf2+ 66. Ke5 Rc5+ 67. Kd6 Rb5 68. e5 Rd2+ 69. Ke6 Kg8 70. Ra8+ Kh7 71. f7 Rf2 72. f8=Q Rxf8 73. Rxf8 Kg7 74. Rf7+ Kg8 75. Rf1 Rb6+ 76. Kd7 Rb7+ 77. Kc6 Re7 78. Kd6 Re8 79. e6 Kg7 80. e7 Ra8 81. Re1 Kf7 82. Rf1+ Kg7 83. Rf4 Ra6+ 84. Ke5 Ra8 85. Ke6 Ra6+ 86. Kd7 Ra7+ 87. Kd8 Ra8+ 88. Kc7 Ra7+ 89. Kd6 Ra6+ 90. Ke5 Ra7 91. e8=Q Ra5+ 92. Ke4 Ra4+ 93. Kf3 Ra3+ 94. Kg4 Ra2 95. Qf7+ Kh8 96. Qf8+ Kh7 97. Rf7+ Kg6 98. Qg7# 1-0


[Site "https://www.chess.com"]

[Event "Titled Tuesday Blitz July 25 Late 2023"]
[White "Rios Escobar, Adan"]
[Black "Jaskolka, Tomasz"]
[WhiteFideId "3403645"]
[BlackFideId "1170791"]
[WhiteElo "2427"]
[BlackElo "2542"]
[Result "1-0"]
[Round "8"]
[TimeControl "180+2"]
[Date "2023.07.25"]
[WhiteClock "0:00:02"]
[BlackClock "0:00:02"]
[Board "80"]

1. d4 d5 2. g3 Nf6 3. Nf3 Bf5 4. c4 c6 5. Nc3 e6 6. Nh4 Bg6 7. Qb3 Qb6 8. Nxg6 hxg6 9. c5 Qc7 10. Bf4 Qc8 11. Bg2 Nbd7 12. O-O e5 13. dxe5 Nxc5 14. Qc2 Nfd7 15. Rac1 Be7 16. b4 Ne6 17. Nxd5 Qd8 18. Nxe7 Qxe7 19. b5 Nxf4 20. gxf4 c5 21. Bxb7 Qh4 22. Rfd1 Qxh2+ 23. Kf1 Rd8 24. e6 Qh3+ 25. Bg2 Qxe6 26. Rd3 O-O 27. Rcd1 Qe7 28. Qd2 Rde8 29. Rxd7 Qh4 30. Rxa7 g5 31. fxg5 Re5 32. Qd6 Qxg5 33. b6 Rfe8 34. e3 R5e6 35. Qc7 Rf6 36. Kg1 Rg6 37. Qh2 Qg4 38. Re1 Qb4 39. Rf1 Qxb6 40. Qc7 Qe6 41. Qf4 Rf6 42. Qg3 Rg6 43. Qf3 Rf6 44. Qh3 Qe5 45. a4 Rg6 46. f4 Qe4 47. Rf3 Qc2 48. Rg3 Rf6 49. Qg4 Rg6 50. Qh3 Rf6 51. Qh5 g6 52. Qh6 Qd1+ 53. Kh2 Qe2 54. e4 Qf2 55. Rb7 Rxf4 56. Rxg6+ fxg6 57. Qg7# 1-0


[Site "https://www.chess.com"]

[Event "Titled Tuesday Blitz July 25 Late 2023"]
[White "ElDivis"]
[Black "Herman, Daniel"]
[BlackFideId "30935008"]
[WhiteElo "2535"]
[BlackElo "2420"]
[Result "1/2-1/2"]
[Round "8"]
[TimeControl "180+2"]
[Date "2023.07.25"]
[WhiteClock "0:00:05"]
[BlackClock "0:00:07"]
[Board "81"]

1. Nf3 d5 2. d4 c5 3. dxc5 e6 4. c4 Bxc5 5. cxd5 exd5 6. Nc3 Nf6 7. e3 O-O 8. Be2 Nc6 9. O-O Bg4 10. h3 Bh5 11. Nh4 Bxe2 12. Nxe2 d4 13. exd4 Nxd4 14. Nxd4 Qxd4 15. Qxd4 Bxd4 16. Nf5 Bb6 17. Be3 Bxe3 18. Nxe3 Rac8 19. Rad1 Rfd8 20. f3 g6 21. Kf2 b5 22. g4 a5 23. Kg3 Kg7 24. h4 a4 25. a3 Re8 26. Kf4 Rc5 27. Rd3 h6 28. Rfd1 Rce5 29. Nd5 g5+ 30. hxg5 hxg5+ 31. Kg3 Re2 32. R1d2 Nxd5 33. Rxd5 Rxd2 34. Rxd2 Re5 35. f4 Re3+ 36. Kf2 gxf4 37. Rd5 Rb3 38. Rg5+ Kf6 39. Rf5+ Ke6 40. Rxf4 Rxb2+ 41. Kg3 Rb3+ 42. Kh4 Rxa3 43. Kg5 Rb3 44. Re4+ Kd5 45. Re7 a3 46. Rxf7 a2 47. Ra7 Rb2 48. Kf6 b4 49. g5 b3 50. g6 Rf2+ 51. Ke7 b2 52. Rxa2 b1=Q 53. Rxf2 Qxg6 54. Rf6 Qg5 55. Kf7 Ke5 56. Rg6 Qf5+ 57. Kg7 Qd3 58. Rg5+ Kf4 59. Rg6 Qd4+ 60. Kh7 Qe4 61. Kg7 Qe5+ 62. Kh7 Qf5 63. Kg7 Ke5 64. Rh6 Qd7+ 65. Kg8 Kf5 66. Rh7 Qe6+ 67. Kf8 Qf6+ 68. Rf7 Qxf7+ 69. Kxf7 1/2-1/2


[Site "https://www.chess.com"]

[Event "Titled Tuesday Blitz July 25 Late 2023"]
[White "Bazilius, Augustinas"]
[Black "Molenda, Marcin"]
[WhiteFideId "12832251"]
[BlackFideId "1173065"]
[WhiteElo "2399"]
[BlackElo "2521"]
[Result "0-1"]
[Round "8"]
[TimeControl "180+2"]
[Date "2023.07.25"]
[WhiteClock "0:02:02"]
[BlackClock "0:02:12"]
[Board "82"]

1. e4 c6 2. c4 d5 3. cxd5 cxd5 4. exd5 Nf6 5. Nc3 Nxd5 6. Bc4 e6 7. Nf3 Be7 8. O-O O-O 9. d4 Nc6 10. Nxd5 exd5 11. Bd3 Bg4 12. h3 Bxf3 13. Qxf3 Nxd4 14. Bxh7+ Kxh7 15. Qd3+ Kg8 16. Qxd4 Bf6 17. Qd3 Rc8 18. Rd1 Re8 19. Be3 d4 20. Bxd4 Bxd4 21. Qxd4 Re1+ 22. Kh2 Qxd4 0-1


[Site "https://www.chess.com"]

[Event "Titled Tuesday Blitz July 25 Late 2023"]
[White "Duarte, Leonardo"]
[Black "Garakov, Mikhael"]
[WhiteFideId "110582"]
[BlackFideId "4169034"]
[WhiteElo "2366"]
[BlackElo "2518"]
[Result "0-1"]
[Round "8"]
[TimeControl "180+2"]
[Date "2023.07.25"]
[WhiteClock "0:00:07"]
[BlackClock "0:00:14"]
[Board "83"]

1. e4 c5 2. Nf3 e6 3. d4 cxd4 4. Nxd4 Nc6 5. Nc3 Qc7 6. Be3 a6 7. Qd2 Nf6 8. f3 b5 9. O-O-O Bb7 10. g4 h6 11. h4 Ne5 12. Rg1 b4 13. Nb1 d5 14. g5 hxg5 15. hxg5 Nfd7 16. f4 Nc4 17. Bxc4 Qxc4 18. g6 Nf6 19. gxf7+ Kxf7 20. Qg2 dxe4 21. Qg6+ Ke7 22. Nb3 Rc8 23. Rd2 Rh3 24. Bd4 e3 25. Rdg2 Bxg2 26. Qxg2 e2 27. c3 Rd3 28. N1d2 Qd5 29. Bxf6+ gxf6 30. Qxe2 bxc3 31. bxc3 Rcxc3+ 32. Kb1 a5 33. Rg2 Re3 34. Qa6 Qxg2 35. Qa7+ Ke8 36. Qa8+ Qxa8 0-1


[Site "https://www.chess.com"]

[Event "Titled Tuesday Blitz July 25 Late 2023"]
[White "Benedetti, Julio"]
[Black "AndresDelgado77"]
[WhiteFideId "172545"]
[WhiteElo "2514"]
[BlackElo "2338"]
[Result "1-0"]
[Round "8"]
[TimeControl "180+2"]
[Date "2023.07.25"]
[WhiteClock "0:00:20"]
[BlackClock "0:00:28"]
[Board "84"]

1. e4 e6 2. d4 d5 3. e5 c5 4. dxc5 Nc6 5. Nf3 Qc7 6. Bf4 f6 7. Bb5 Qa5+ 8. Nc3 Bxc5 9. O-O Qb4 10. Bg3 Qxb2 11. Nxd5 Bb6 12. Rb1 Qxa2 13. exf6 Nxf6 14. Nxf6+ gxf6 15. Bd6 Kf7 16. Ng5+ Kg6 17. Ne4 Qd5 18. Qg4+ Kf7 19. Bc4 h5 20. Qf3 Qd4 21. Rfd1 Qxc4 22. Qxf6+ Ke8 23. Qxh8+ Kf7 24. Qh7+ Ke8 25. Nf6+ Kd8 26. Qg8# 1-0


[Site "https://www.chess.com"]

[Event "Titled Tuesday Blitz July 25 Late 2023"]
[White "Machidon, Cristi"]
[Black "Santos, Rafael Ventura Dos"]
[WhiteFideId "13904590"]
[BlackFideId "2122227"]
[WhiteElo "2506"]
[BlackElo "2321"]
[Result "1-0"]
[Round "8"]
[TimeControl "180+2"]
[Date "2023.07.25"]
[WhiteClock "0:00:35"]
[BlackClock "0:01:07"]
[Board "85"]

1. d4 Nf6 2. c4 g6 3. Nc3 Bg7 4. e4 d6 5. Be2 O-O 6. Be3 e5 7. d5 Nbd7 8. g4 a5 9. h4 Nc5 10. f3 c6 11. h5 cxd5 12. cxd5 Bxg4 13. Bxc5 Nd7 14. Bxd6 Bxh5 15. Bxf8 Bxf8 16. Qd2 Rc8 17. Nh3 Qh4+ 18. Nf2 Qg3 19. d6 Rc6 20. Nb5 Bg7 21. Rc1 Bf6 22. Rxc6 bxc6 23. Nc3 Bg5 24. Qd3 Nc5 25. Qc4 Be3 26. Nd1 Bd4 27. Kf1 Bxf3 28. Bxf3 Qxf3 29. Rh3 Qf4 30. Qe2 h5 31. Rf3 Qg5 32. Qc4 Qh4 33. Qxf7+ Kh8 34. Qf8+ Kh7 35. Rf7# 1-0


[Site "https://www.chess.com"]

[Event "Titled Tuesday Blitz July 25 Late 2023"]
[White "Senft, Sean"]
[Black "Necromon"]
[WhiteFideId "2044960"]
[WhiteElo "2331"]
[BlackElo "2462"]
[Result "1-0"]
[Round "8"]
[TimeControl "180+2"]
[Date "2023.07.25"]
[WhiteClock "0:02:10"]
[BlackClock "0:01:24"]
[Board "86"]

1. d4 d5 2. c4 c6 3. Nc3 Nf6 4. Nf3 e6 5. cxd5 exd5 6. Bg5 Be7 7. e3 h6 8. Bh4 O-O 9. Qc2 Nbd7 10. Bd3 Re8 11. O-O b6 12. Rab1 c5 13. a3 c4 14. Bf5 Nf8 15. Ne5 Bxf5 16. Qxf5 g6 17. Qh3 Kg7 18. Nc6 Qd6 19. Nxe7 Rxe7 20. Qf3 g5 21. Bg3 Qe6 22. Be5 Nd7 23. Nxd5 Ree8 24. Nc7 Nxe5 25. Nxe6+ 1-0


[Site "https://www.chess.com"]

[Event "Titled Tuesday Blitz July 25 Late 2023"]
[White "Nunez V, Gustavo Eduardo"]
[Black "Fiorito, Joaquin"]
[WhiteFideId "4403690"]
[BlackFideId "180173"]
[WhiteElo "2406"]
[BlackElo "2759"]
[Result "1-0"]
[Round "8"]
[TimeControl "180+2"]
[Date "2023.07.25"]
[WhiteClock "0:00:06"]
[BlackClock "0:00:00"]
[Board "87"]

1. e4 c5 2. Nc3 d6 3. g3 g6 4. Bg2 Bg7 5. d3 e5 6. Be3 Ne7 7. Qd2 h5 8. h3 Nbc6 9. Nge2 Be6 10. Nd5 Qd7 11. c3 f5 12. Bg5 Rf8 13. a3 Bxd5 14. exd5 Na5 15. Qc2 b6 16. b4 Nb7 17. O-O Bf6 18. Qd2 O-O-O 19. a4 cxb4 20. cxb4 Kb8 21. Rfc1 Rc8 22. Bxf6 Rxf6 23. Rxc8+ Nxc8 24. Qg5 Qe7 25. Nc3 a6 26. Re1 Nd8 27. d4 e4 28. Bf1 Nf7 29. Qd2 Ka7 30. Rc1 Nd8 31. Nb5+ axb5 32. Rxc8 Rf8 33. Qc3 Nb7 34. Rc7 Qd8 35. Qc6 Qb8 36. a5 bxa5 37. Bxb5 Qxc7 38. Qxc7 axb4 39. Bc6 Rb8 40. Bxb7 Rxb7 41. Qa5+ Kb8 42. Qd8+ Ka7 43. Qxd6 b3 44. Qa3+ Kb8 45. Qb2 Kc7 46. Qc3+ Kb8 47. Qb2 Kc7 48. Kf1 Kd6 49. Ke2 Kxd5 50. Ke3 Kc4 51. Qc1+ Kb4 52. d5 g5 53. h4 f4+ 54. gxf4 gxh4 55. Kxe4 Ka4 56. Qc6+ Rb5 57. d6 b2 58. Qc2+ Ka3 59. d7 h3 60. d8=Q b1=Q 61. Qa8+ 1-0


[Site "https://www.chess.com"]

[Event "Titled Tuesday Blitz July 25 Late 2023"]
[White "Eggleston, Thomas A"]
[Black "Mekhitarian, Krikor Sevag"]
[WhiteFideId "412139"]
[BlackFideId "2107660"]
[WhiteElo "2404"]
[BlackElo "2739"]
[Result "0-1"]
[Round "8"]
[TimeControl "180+2"]
[Date "2023.07.25"]
[WhiteClock "0:00:02"]
[BlackClock "0:00:19"]
[Board "88"]

1. e4 e6 2. d4 d5 3. Nd2 c5 4. Ngf3 cxd4 5. exd5 Qxd5 6. Bc4 Qd7 7. O-O Nc6 8. Re1 a6 9. Nb3 Nf6 10. Nbxd4 Nxd4 11. Nxd4 Qc7 12. Qe2 Bd6 13. Bg5 O-O 14. Bxf6 gxf6 15. Rad1 Bxh2+ 16. Kh1 Be5 17. Bd3 Rd8 18. Qh5 Rxd4 19. Bxh7+ Kf8 20. Rxd4 Bxd4 21. c3 Be5 22. g3 Bd7 23. Be4 Ke7 24. f4 Bd6 25. f5 e5 26. Bd5 Rf8 27. Qf3 Bc6 28. Bxc6 Qxc6 29. Qxc6 bxc6 30. Rd1 Rg8 0-1


[Site "https://www.chess.com"]

[Event "Titled Tuesday Blitz July 25 Late 2023"]
[White "Der_Balak_3Halak"]
[Black "Pinheiro, Iung Alicio de O."]
[BlackFideId "2104350"]
[WhiteElo "2400"]
[BlackElo "2592"]
[Result "0-1"]
[Round "8"]
[TimeControl "180+2"]
[Date "2023.07.25"]
[WhiteClock "0:00:08"]
[BlackClock "0:00:13"]
[Board "89"]

1. e4 c5 2. Nf3 Nc6 3. b4 Nxb4 4. c3 Nc6 5. d4 d5 6. exd5 Qxd5 7. Na3 Bg4 8. Be2 Nf6 9. Nb5 O-O-O 10. c4 Qh5 11. d5 e6 12. Qa4 exd5 13. Nxa7+ Nxa7 14. Qxa7 Bd6 15. Bd2 Rhe8 16. Qa8+ Kd7 17. Qxb7+ Bc7 18. Bf4 Rc8 19. cxd5 Bxf3 20. Qc6+ Kd8 21. Bxc7+ Rxc7 22. Qd6+ Rd7 23. Qb6+ Ke7 24. Qxc5+ Rd6 25. Qc7+ Nd7 26. Bxf3 Qe5+ 27. Kd2 Qd4+ 28. Ke2 Kf6+ 29. Be4 Rxe4+ 30. Kf3 Qd3# 0-1


[Site "https://www.chess.com"]

[Event "Titled Tuesday Blitz July 25 Late 2023"]
[White "Davidson, Kevin"]
[Black "Sivakumar, Shaaketh"]
[WhiteFideId "2056810"]
[BlackFideId "30940176"]
[WhiteElo "2392"]
[BlackElo "2561"]
[Result "0-1"]
[Round "8"]
[TimeControl "180+2"]
[Date "2023.07.25"]
[WhiteClock "0:00:00"]
[BlackClock "0:00:05"]
[Board "90"]

1. e4 e6 2. d4 d5 3. Nc3 Bb4 4. exd5 exd5 5. Bd3 Ne7 6. Qf3 O-O 7. Ne2 Nbc6 8. O-O a6 9. h3 Be6 10. Be3 Qd7 11. Ng3 Bd6 12. a3 Rae8 13. Nce2 Nd8 14. Nf4 c6 15. Rfe1 Nf5 16. Bxf5 Bxf5 17. Nxd5 Bxg3 18. Nb6 Qc7 19. Qxf5 Bxf2+ 20. Bxf2 Qxb6 21. Qd7 Rxe1+ 22. Rxe1 h6 23. b4 Kh7 24. d5 Qb5 25. d6 Ne6 26. Qe7 Rg8 27. Qxf7 Ng5 28. Qf4 Qd5 29. h4 Nf7 30. Qe4+ Qxe4 31. Rxe4 Nxd6 32. Re7 Rf8 33. Bc5 Nf5 34. Rxb7 Rd8 35. g4 Nxh4 36. Kf2 Ng6 37. c3 Ne5 38. Bd4 Nxg4+ 39. Kg3 h5 40. Rxg7+ Kh6 41. Rc7 Kg5 42. Rxc6 h4+ 43. Kh3 Rf8 44. Rc5+ Kf4 45. Kg2 Ke4 46. Kh3 Kf4 47. Kxh4 Rf7 48. Kh5 Rh7+ 49. Kg6 Rh6+ 50. Kg7 Rh3 51. Kf7 Rf3 52. Ke7 Ke4 53. Kd6 Nf2 54. Kc6 Nd3 55. Kb6 Nxc5 56. bxc5 Kd5 57. Kxa6 Rf7 58. Kb6 Rh7 59. a4 Rh6+ 60. Kb5 Rh7 61. a5 Rb7+ 62. Ka4 Kc4 63. a6 Rb1 64. Ka5 Kd5 0-1


[Site "https://www.chess.com"]

[Event "Titled Tuesday Blitz July 25 Late 2023"]
[White "Golubev, Mikhail"]
[Black "Bueno, Alfeu Junior Varela"]
[WhiteFideId "14100983"]
[BlackFideId "2108879"]
[WhiteElo "2541"]
[BlackElo "2392"]
[Result "0-1"]
[Round "8"]
[TimeControl "180+2"]
[Date "2023.07.25"]
[WhiteClock "0:00:00"]
[BlackClock "0:00:05"]
[Board "91"]

1. e4 e6 2. d4 d5 3. Bd3 Nf6 4. e5 Nfd7 5. Nf3 c5 6. c3 Nc6 7. O-O f6 8. exf6 Nxf6 9. Re1 Bd6 10. dxc5 Bxc5 11. Be3 Bxe3 12. Rxe3 O-O 13. Nbd2 e5 14. Nxe5 Nxe5 15. Rxe5 Ng4 16. Re2 Qh4 17. h3 Nxf2 18. Qe1 Qg3 19. Bxh7+ Kxh7 20. Rxf2 Bxh3 21. Nf1 Qxf2+ 22. Qxf2 Rxf2 23. Kxf2 Bf5 24. Rd1 Be4 25. Ne3 Rd8 26. g4 Kg6 27. Kg3 Rf8 28. Nxd5 Rf3+ 29. Kh4 Rf2 30. b4 Rxa2 31. Nf4+ Kf6 32. Rd6+ Ke5 33. Re6+ Kxf4 0-1


[Site "https://www.chess.com"]

[Event "Titled Tuesday Blitz July 25 Late 2023"]
[White "Cooklev, Steven"]
[Black "Fiorito, Francisco"]
[WhiteFideId "2050552"]
[BlackFideId "180165"]
[WhiteElo "2380"]
[BlackElo "2522"]
[Result "0-1"]
[Round "8"]
[TimeControl "180+2"]
[Date "2023.07.25"]
[WhiteClock "0:00:04"]
[BlackClock "0:01:29"]
[Board "92"]

1. e4 c5 2. Nf3 Nc6 3. Nc3 g6 4. d4 cxd4 5. Nxd4 Bg7 6. Be3 Nf6 7. Bc4 O-O 8. Bb3 Re8 9. Nxc6 dxc6 10. h3 Qc7 11. Qd2 Rd8 12. Qe2 b6 13. O-O Bb7 14. f4 c5 15. e5 Nd5 16. Nxd5 Bxd5 17. Bxd5 Rxd5 18. Rfd1 Rad8 19. Rxd5 Rxd5 20. Rd1 Qd7 21. Rxd5 Qxd5 22. Qa6 Qd1+ 23. Kh2 Qd7 24. a4 h5 25. a5 Qc7 26. axb6 axb6 27. Qa8+ Kh7 28. g4 hxg4 29. hxg4 Bxe5 30. Qd5 Bxf4+ 31. Kh3 e6 32. Bxf4 Qxf4 33. Qd3 Qd4 34. Qf3 Kg7 35. c3 Qd5 36. Qf4 e5 37. Qg5 Qd3+ 38. Kh4 f6 39. Qc1 g5+ 40. Kh5 Qh7# 0-1


[Site "https://www.chess.com"]

[Event "Titled Tuesday Blitz July 25 Late 2023"]
[White "Santos Flores, Alberto"]
[Black "DampFalcon"]
[WhiteFideId "3601234"]
[WhiteElo "2516"]
[BlackElo "2371"]
[Result "0-1"]
[Round "8"]
[TimeControl "180+2"]
[Date "2023.07.25"]
[WhiteClock "0:01:25"]
[BlackClock "0:00:21"]
[Board "93"]

1. e4 c5 2. Nf3 g6 3. d4 cxd4 4. Nxd4 Nc6 5. Nc3 Bg7 6. Be3 Nf6 7. Bc4 Qa5 8. O-O d6 9. Nb3 Qd8 10. Be2 O-O 11. f4 a6 12. Bf3 Be6 13. Nd5 Rc8 14. Qd2 Nb8 15. Rae1 Nbd7 16. g4 Bxg4 17. Bg2 Nxd5 18. exd5 Bxb2 19. Bd4 Bxd4+ 20. Qxd4 Bf5 21. c3 Nf6 22. Rf2 Re8 23. Rfe2 Qc7 24. Qxf6 exf6 25. Rxe8+ Rxe8 26. Rxe8+ Kg7 27. Nd4 Qxc3 28. Nxf5+ gxf5 29. h3 Qd4+ 30. Kh1 Qxf4 31. Re7 Qb4 32. Kh2 Qb2 33. a4 f4 34. Kg1 b5 35. axb5 axb5 36. Re4 Qc1+ 37. Kf2 Qd2+ 38. Kf3 b4 39. Rxf4 b3 0-1


[Site "https://www.chess.com"]